 Dungeon Crawl Stone Soup version 0.27-a0-808-g60bc5d92e6 (webtiles) character file.

Game seed: 1224770966061412885

111 dickylongcocking the Insei (level 4, -1/28 HPs)
             Began as an Octopode Transmuter on Mar 29, 2021.
             Slain by a hobgoblin (6 damage)
             ... on level 3 of the Dungeon.
             The game lasted 00:01:19 (2861 turns).

dickylongcocking the Insei (Octopode Transmuter)    Turns: 2861, Time: 00:01:19

Health: -1/28      AC:  1    Str:  9    XL:     4   Next: 92%
Magic:  15/16      EV: 13    Int: 16    God:
Gold:   131        SH:  0    Dex: 12    Spells: 6/7 levels left

rFire    . . .     SeeInvis .     - Unarmed
rCold    . . .     Faith    .   (no shield)
rNeg     . . .     Spirit   .   (helmet currently unavailable)
rPois    .         Reflect  .   (no amulet)
rElec    .         Harm     .   d - ring of magical power
rCorr    .         Rampage  .   (no ring)
Will     .....                  (no ring)
Stlth    +++.......             (no ring)
HPRegen  0.09/turn              (no ring)
MPRegen  0.15/turn              (no ring)
                                (no ring)
                                (no ring)

@: appendages
A: tentacle spike 3, almost no armour, amphibious, 8 rings, camouflage 1,
gelatinous body 1, (nimble swimmer 1), tentacles
a: End Transformation


You were on level 3 of the Dungeon.
One of your tentacles had grown a beastly spike.
You visited 1 branch of the dungeon, and saw 3 of its levels.

You collected 131 gold pieces.

Inventory:

Jewellery
 d - a ring of magical power (left tentacle)
Scrolls
 a - 2 scrolls of teleportation {unknown}
 e - a scroll of identify {unknown}
 f - a scroll of fear {unknown}
Potions
 b - a potion of ambrosia {unknown}
 c - a potion of flight {unknown}
 g - a potion of degeneration {unknown}
 h - a potion of curing {unknown}


   Skills:
 - Level 1.0 Fighting
 - Level 2.0 Dodging
 + Level 3.3 Stealth
 * Level 4.8 Unarmed Combat
 - Level 2.0 Spellcasting
 - Level 2.0 Transmutations


You had 6 spell levels left.
You knew the following spells:

 Your Spells              Type           Power      Damage    Failure   Level
a - Beastly Appendage     Tmut           16%        N/A       9%          1

Your spell library contained the following spells:

 Spells                   Type           Power      Damage    Failure   Level
 Wereblood                Tmut           8%         N/A       14%         2
 Animate Skeleton         Necr           2%         N/A       21%         1
 Apportation              Tloc           2%         N/A       21%         1
 Corona                   Hex            1%         N/A       21%         1
 Magic Dart               Conj           4%         1d3       21%         1
 Summon Small Mammal      Summ           4%         N/A       21%         1
 Blink                    Tloc           N/A        N/A       30%         2
 Call Imp                 Summ           1%         N/A       30%         2
 Slow                     Hex            1%         N/A       30%         2
 Spider Form              Tmut/Pois      2%         N/A       38%         3
 Conjure Flame            Conj/Fire      1%         6-21      52%         3
 Mephitic Cloud           Conj/Pois/Air  1%         N/A       52%         3
 Ice Form                 Ice/Tmut       4%         N/A       80%         4
 Blade Hands              Tmut           4%         N/A       94%         5


Dungeon Overview and Level Annotations

Branches:
Dungeon (3/15)

Altars:


Innate Abilities, Weirdness & Mutations

One of your tentacles has grown a beastly spike.
You cannot wear most types of armour.
You are amphibious.
You can wear up to eight rings at the same time.
Your skin changes colour to match your surroundings (Stealth+).
Your rubbery body absorbs attacks. (AC +1, EV +1)
((You are camouflaged near water. (Stealth+)))
You have tentacles for arms and can constrict up to eight enemies at once.


Message History

You tentacle-slap the howler monkey but do no damage.
The howler monkey is severely wounded.
You constrict the howler monkey. The howler monkey closely misses you.
You completely miss the howler monkey. You squeeze the howler monkey.
You kill the howler monkey!
Your Stealth skill increases to level 3!
Magic restored.
Your transformation is almost over.
Your tentacle spike disappears.
You see here a howler monkey corpse.
You see here 20 sling bullets.
A hobgoblin comes into view.
A hobgoblin is nearby!
A hobgoblin is nearby!
A hobgoblin is nearby!
A hobgoblin comes into view.
The hobgoblin shouts!
The hobgoblin barely misses you.
You barely miss the hobgoblin. Your grab misses the hobgoblin.
The hobgoblin closely misses you.
You barely miss the hobgoblin. You grab the hobgoblin.
You constrict the hobgoblin. The hobgoblin barely misses you.
You release your grip on the hobgoblin.
The hobgoblin hits you! The hobgoblin hits you.
The hobgoblin barely misses you.
You barely miss the hobgoblin. You grab the hobgoblin.
The hobgoblin is moderately wounded.
You constrict the hobgoblin. The hobgoblin hits you. The hobgoblin misses you.
There are monsters nearby!
You are too injured to fight recklessly!
You release your grip on the hobgoblin.
You are too injured to fight recklessly!
You tentacle-slap the hobgoblin.
You kill the hobgoblin!
The hobgoblin hits you.
* * * LOW HITPOINT WARNING * * *
Casting: Beastly Appendage (safe; 9% risk of failure)
Confirm with . or Enter, or press ? or * to list all spells.
One of your tentacles grows a vicious spike.
The hobgoblin hits you.
You die...

#. #.# #####.# ###
.....####.## .####.......†@#
.......###.g####.#
#.#.............############
..#......##.########.........#
......<.###.# ####.#######.#
#...........# ##.##.# #..
######...#### ##.....# ###
#...# ##.....### #...#
#........##


You could see a hobgoblin.

Vanquished Creatures
  A howler monkey (D:3)
  2 adders (D:2)
  A worm (D:3)
  A dart slug (D:2)
  4 endoplasms (D:2)
  4 giant cockroaches
  6 goblins
  4 hobgoblins
  2 jackals (D:2)
  6 kobolds
  A quokka (D:1)
  6 ball pythons
  5 bats
  4 frilled lizards
  3 rats
50 creatures vanquished.

Notes
Turn   | Place    | Note
-------+----------+-------------------------------------------
     0 | D:1      | dickylongcocking the Octopode Transmuter began the quest
                  | for the Orb.
     0 | D:1      | Reached XP level 1. HP: 13/13 MP: 3/3
   262 | D:1      | Reached skill level 1 in Stealth
   285 | D:1      | Reached XP level 2. HP: 18/18 MP: 5/5
  1378 | D:2      | Reached XP level 3. HP: 11/23 MP: 6/6
  1777 | D:2      | Reached skill level 4 in Unarmed Combat
  2235 | D:2      | Reached XP level 4. HP: 25/28 MP: 7/7
  2861 | D:3      | Slain by a hobgoblin

Illustrated notes

Levels and vault maps discovered:
D:1:      minmay_arrival_widening_spiral_narrow, layout_basic, fountainhead,
          minmay_surrounded
D:2:      layout_loops_cross
D:3:      layout_loops_cross, old_standard_altar, serial_glass, glass_columns_a,
          glass_columns_b, uniq_crazy_yiuf_cottage, uniq_sigmund, uniq_grinder

Skill      XL: |  1  2  3  4 |
---------------+-------------+-----
Stealth        | 1 2 3 |  3.3
Unarmed Combat | 4 |  4.8
Fighting       | |  1.0
Dodging        | |  2.0
Spellcasting   | |  2.0
Transmutations | |  2.0

Action                   |  1- 3 |  4- 6 || total
-------------------------+-------+-------++-------
Melee: Unarmed           |    93 |    28 ||   121
       Constrict         |    17 |     6 ||    23
       Tentacles         |    11 |     6 ||    17
       Punch             |     2 |     1 ||     3
       Kick              |     5 |       ||     5
 Cast: Beastly Appendage |     7 |     2 ||     9
 Stab: Sleeping          |    10 |     2 ||    12
Armor: Skin              |     5 |     1 ||     6
Dodge: Dodged            |    56 |    18 ||    74

Table legend: (Time is in decaauts)
 A = Elapsed time spent in this place.
 B = Non-inter-level travel time spent in this place.
 C = Inter-level travel time spent in this place.
 D = Time resting spent in this place.
 E = Time spent auto-exploring this place.
 F = Levels seen in this place.
 G = Mean time per level.
                   A        B        C        D        E       F      G
               +--------+--------+--------+--------+--------+-----+--------+
         Total |   2850 |   2827 |     23 |      2 |   2482 |   3 |  950.0 |
       Dungeon |   2850 |   2827 |     23 |      2 |   2482 |   3 |  950.0 |
               +--------+--------+--------+--------+--------+-----+--------+

Top non-repeatable levels by time:
     D:1: 1313 daAuts
     D:2: 1038 daAuts
     D:3: 498 daAuts
